 Dungeon Crawl Stone Soup version 0.29.1-2-gbd0b4ee654 (webtiles) character file.

Game seed: 8318790026759426528

194 xian the Magician (level 6, -11/42 HPs)
             Began as a Djinni Venom Mage on Oct 28, 2022.
             Mangled by Edmund
             ... wielding a +6 flail of protection
              (12 damage)
             ... on level 4 of the Dungeon.
             The game lasted 00:08:13 (4997 turns).

xian the Magician (Djinni Venom Mage)               Turns: 4997, Time: 00:08:13

Health: -11/42     AC:  4    Str:  7    XL:     6   Next: 3%
Gold:   192        EV: 12    Int: 18    God:
                   SH:  0    Dex: 14

rFire   + + +      SeeInvis .   d - +0 hand axe
rCold   . . .      Faith    .   (no shield)
rNeg    . . .      Spirit   .   x - +0 leather armour
rPois   ∞          Reflect  .   (no helmet)
rElec   +          Harm     .   v - +0 cloak
rCorr   +          Rampage  .   (no gloves)
Will    .....                   (boots unavailable)
Stlth   ++........              (no amulet)
HPRegen 0.14/turn               (no ring)
MPRegen 0.00/turn               (no ring)

@: resistant, flying
A: sickness immunity, fire resistance 2, cold vulnerability 1, float, innate
caster, HP casting, extra vitality 1
a: no special abilities


You were on level 4 of the Dungeon.
You visited 1 branch of the dungeon, and saw 4 of its levels.

You collected 192 gold pieces.

Inventory:

Hand Weapons
 d - a +0 hand axe (weapon)
 u - a +1 dagger of electrocution
Missiles
 m - 3 datura-tipped darts
Armour
 v - a +0 cloak (worn)
 x - a +0 leather armour (worn)
Jewellery
 n - a ring of positive energy
 y - a ring of positive energy
Scrolls
 a - a scroll of vulnerability {unknown}
 b - a scroll of magic mapping {unknown}
 f - a scroll of amnesia {unknown}
 h - 2 scrolls of enchant weapon {unknown}
 i - a scroll of blinking {unknown}
 j - a scroll of brand weapon {unknown}
 k - a scroll of teleportation {unknown}
 o - a scroll of immolation {unknown}
 p - a scroll of identify {unknown}
 s - a scroll of enchant armour {unknown}
 t - 2 scrolls of noise {unknown}
Potions
 c - 2 potions of resistance
 e - 2 potions of heal wounds {unknown}
 g - a potion of mutation {unknown}
 l - a potion of ambrosia {unknown}
 q - 2 potions of curing {unknown}
 r - 2 potions of cancellation {unknown}
 w - a potion of degeneration {unknown}
 z - a potion of invisibility {unknown}
 A - a potion of brilliance {unknown}


   Skills:
 + Level 1.1 Fighting
 + Level 0.7 Axes
 + Level 0.1 Armour
 + Level 3.1 Dodging
 + Level 2.0 Stealth
 + Level 4.1 Spellcasting


You couldn't memorise any spells.
You knew the following spells:

 Your Spells              Type           Power      Damage    Failure   Level
a - Sting                 Tmut/Pois      72%        1d6       4%          1
b - Poisonous Vapours     Pois/Air       36%        N/A       6%          2
c - Mephitic Cloud        Conj/Pois/Air  18%        N/A       12%         3
d - Olgreb's Toxic Radia  Pois           18%        N/A       36%         4
e - Magic Dart            Conj           72%        1d6       4%          1
f - Call Imp              Summ           18%        N/A       6%          2
Your spell library was empty.

Dungeon Overview and Level Annotations

Branches:
Dungeon (4/15)
 Temple: D:4-7

Altars:

Shops:
D:3 [

Annotations:
D:4 Edmund


Innate Abilities, Weirdness & Mutations

You are immune to sickness and miasma.
You are immune to poison.
Your flesh is very heat resistant. (rF++)
You are vulnerable to cold. (rC-)
You float through the air rather than walking.
You learn spells naturally, not from books.
Your magical power is your life essence.
You have superior vitality. (+4 MHP)


Message History

Aiming: Sting (safe; 4% risk of failure)
Press: ? - help, Shift-Dir - straight line, f/p - Edmund
Aim: Edmund, wielding a +6 flail of protection and wearing a +0 scale mail (lightly wounded, extremely poisoned, 77% to hit)
The sting hits Edmund but does no damage.
Edmund looks as sick as possible!
Edmund is lightly wounded.
Edmund hits you with a +6 flail of protection!
* * * LOW HITPOINT WARNING * * *
Unknown command.
Casting: Sting (safe; 4% risk of failure)
Confirm with . or Enter, or press ? or * to list all spells.
Aiming: Sting (safe; 4% risk of failure)
Press: ? - help, Shift-Dir - straight line, f/p - Edmund
Aim: Edmund, wielding a +6 flail of protection and wearing a +0 scale mail (moderately wounded, extremely poisoned, 77% to hit)
The sting hits Edmund.
Edmund looks as sick as possible!
Edmund is moderately wounded.
* * * LOW HITPOINT WARNING * * *
Edmund asks, "Have you met my wondrous brother?"
Edmund closely misses you.
Casting: Sting (safe; 4% risk of failure)
Confirm with . or Enter, or press ? or * to list all spells.
Aiming: Sting (safe; 4% risk of failure)
Press: ? - help, Shift-Dir - straight line, f/p - Edmund
Aim: Edmund, wielding a +6 flail of protection and wearing a +0 scale mail (heavily wounded, extremely poisoned, 77% to hit)
The sting hits Edmund but does no damage.
Edmund looks as sick as possible!
Edmund is heavily wounded.
* * * LOW HITPOINT WARNING * * *
Edmund hits you with a +6 flail of protection!
* * * LOW HITPOINT WARNING * * *
Casting: Sting (safe; 4% risk of failure)
Confirm with . or Enter, or press ? or * to list all spells.
You don't have enough health to cast this spell.
Unknown command.
Unknown command.
You are too injured to fight recklessly!
It was a potion of resistance.
You feel protected.
Edmund hits you with a +6 flail of protection!
You die...

..<.... ....... .......
......[ ..... #. ...
#...#.#########
#.....@@......# ##
....##.#######.# # ..#. #..
... #.# #. ..#. .#.#.####
#.# #.. #.#. .....#### #.#
#..##.#. ........##### #.#
#...#.#.
............####.####......
..............##...........
..
...................#......


You could see Edmund (extremely poisoned).

Vanquished Creatures
  A jelly (D:3)
  An iguana (D:3)
  4 adders
  2 worms
  4 dart slugs
  9 orcs
  A ball python (D:3)
  9 bats
  6 endoplasms
  2 giant cockroaches
  9 goblins
  3 hobgoblins
  8 jackals
  3 quokkas
  3 frilled lizards
  5 kobolds
  3 rats
73 creatures vanquished.

Notes
Turn   | Place    | Note
-------+----------+-------------------------------------------
     0 | D:1      | xian the Djinni Venom Mage began the quest for the Orb.
     0 | D:1      | xian set off with the following spells memorised: Sting,
                  | Poisonous Vapours, Mephitic Cloud, Olgreb's Toxic Radiance.
     0 | D:1      | Reached XP level 1. HP: 15/15 MP: 0/0
   180 | D:1      | Reached XP level 2. HP: 15/21 MP: 0/0
   621 | D:1      | Found a faded altar of an unknown god.
   642 | D:1      | Reached XP level 3. HP: 15/25 MP: 0/0
   642 | D:1      | Learned a level 1 spell: Magic Dart
   797 | D:1      | Reached skill level 3 in Spellcasting
  1509 | D:1      | You are sucked into a shaft and drop 1 floor!
  2526 | D:2      | Reached XP level 4. HP: 22/31 MP: 0/0
  3473 | D:3      | Reached XP level 5. HP: 29/36 MP: 0/0
  3473 | D:3      | Learned a level 2 spell: Call Imp
  3548 | D:3      | Found Juell's Armour Emporium.
  3619 | D:3      | Reached skill level 1 in Fighting
  4605 | D:4      | Reached skill level 4 in Spellcasting
  4664 | D:4      | Reached XP level 6. HP: 10/42 MP: 0/0
  4986 | D:4      | Noticed Edmund
  4996 | D:4      | HP: 1/42 [Edmund/+6 flail of protection (7)]
  4997 | D:4      | Mangled by Edmund

Illustrated notes

Levels and vault maps discovered:
D:1:      sevenhm_arrival_forest_fort_large_4, layout_basic,
          chequers_ecumenical_altar_simple_redux
D:2:      layout_loops_cross, st_stairs_4
D:3:      layout_loops_ring, serial_shops, shop
D:4:      layout_basic, minmay_misc_feat_hallway, uniq_edmund

Skill      XL: |  1  2  3  4  5 |
---------------+----------------+-----
Spellcasting   | 3 4 |  4.1
Stealth        | 2 |  2.0
Dodging        | 3 |  3.1
Fighting       | 1 |  1.1
Axes           | |  0.7
Armour         | |  0.1

Action                   |  1- 3 |  4- 6 || total
-------------------------+-------+-------++-------
Melee: Hand axe          |    25 |    27 ||    52
       Punch             |       |     1 ||     1
 Cast: Sting             |    71 |    92 ||   163
       Poisonous Vapours |       |     8 ||     8
       Mephitic Cloud    |       |     2 ||     2
  Use: Potion            |       |     1 ||     1
 Stab: Confused          |       |     1 ||     1
Armor: Robe              |    15 |     7 ||    22
       Leather armour    |       |     7 ||     7
Dodge: Dodged            |    48 |    48 ||    96
